 Dungeon Crawl Stone Soup version 0.25-a0-458-g6fc7858b95 (webtiles) character file.

Game seed: 8231974262189468263, levelgen mode: deterministic

14270 ipx the Cleaver (level 11, 0/102 HPs)
             Began as a Minotaur Monk on Feb 3, 2020.
             Was a High Priest of Yredelemnul.
             Slain by a water moccasin (5 damage)
             ... on level 1 of the Lair of Beasts.
             The game lasted 01:11:37 (4833 turns).

ipx the Cleaver (Minotaur Monk)                     Turns: 4833, Time: 01:11:38

Health: 0/102      AC: 15    Str: 19    XL:     11   Next: 86%
Magic:  14/16      EV:  9    Int:  3    God:    Yredelemnul [*****.]
Gold:   78         SH:  0    Dex: 19    Spells: 10/10 levels left

rFire    + + +     SeeInvis +   a - +1 war axe
rCold    . . .     Gourm    .   (no shield)
rNeg     + . .     Faith    +   l - +2 chain mail {rF+}
rPois    +         Spirit   .   (helmet restricted)
rElec    .         Reflect  .   h - +0 cloak
rCorr    .         Harm     .   (no gloves)
MR       .....                  m - +0 pair of boots of Gif Joa {rPois rF++ rN+ Int-4}
Stlth    ..........             H - amulet of faith
HPRegen  0.27/turn              D - +6 ring of dexterity
MPRegen  0.15/turn              V - ring of see invisible

@: recalling
A: retaliatory headbutt, horns 2
a: Stop Recall, Injury Mirror, Animate Dead, Drain Life, Enslave Soul, Renounce
Religion


You were on level 1 of the Lair of Beasts.
You worshipped Yredelemnul.
Yredelemnul was extremely pleased with you.
You were hungry.

You visited 3 branches of the dungeon, and saw 15 of its levels.
You also visited: Ossuary, Gauntlet and Ice Cave.

You collected 323 gold pieces.
You spent 245 gold pieces at shops.

Inventory:

Hand Weapons
 a - a +1 war axe (weapon)
Missiles
 f - 3 boomerangs (quivered)
 g - 3 silver boomerangs
 s - 5 atropa-tipped darts
Armour
 h - a +0 cloak (worn)
 l - a +2 chain mail of fire resistance (worn)
 m - the +0 pair of boots of Gif Joa (worn) {rPois rF++ rN+ Int-4}
   (You found it on level 5 of the Dungeon)

   It affects your intelligence (-4).
   It greatly protects you from fire.
   It protects you from poison.
   It protects you from negative energy.
   If you remove this armour, your AC will fall 1 point (15 -> 14)
 w - a scarf of resistance
Magical Staves
 v - an uncursed staff of energy
Jewellery
 D - a +6 ring of dexterity (left hand)
 H - an amulet of faith (around neck)
 T - an uncursed ring of teleportation
 V - a ring of see invisible (right hand)
Wands
 j - a wand of iceblast (9)
 p - a wand of enslavement (8)
 u - a wand of flame (20)
Scrolls
 q - a scroll of teleportation
 y - a scroll of random uselessness {unknown}
Potions
 e - 4 potions of brilliance
 i - 5 potions of curing
 k - 4 potions of resistance
 n - 3 potions of lignification
 o - 2 potions of heal wounds {unknown}
 r - a potion of haste
 t - a potion of flight {unknown}
 x - 3 potions of berserk rage {unknown}
Comestibles
 b - 9 chunks of flesh
 c - 13 rations


   Skills:
 - Level 11.0 Fighting
 + Level 14.3 Axes
 + Level 7.9 Armour
 - Level 3.2 Dodging
 - Level 1.5 Stealth
 + Level 8.6 Invocations
 - Level 5.0 Evocations


You had 10 spell levels left.
You didn't know any spells.
Your spell library contained the following spells:

 Spells                   Type           Power        Failure   Level  Hunger
 Magic Dart               Conj           #...         99%         1    ##.....
 Blink                    Tloc           N/A          100%        2    ###....
 Call Imp                 Summ           #.......     100%        2    ###....
 Searing Ray              Conj           #.....       100%        2    ###....
 Slow                     Hex            #.......     100%        2    ###....
 Conjure Flame            Conj/Fire      #.......     100%        3    ####...
 Dazzling Flash           Conj/Hex       #.....       100%        3    ####...
 Mephitic Cloud           Conj/Pois/Air  #.......     100%        3    ####...
 Spectral Weapon          Hex/Chrm       #.......     100%        3    ####...
 Stone Arrow              Conj/Erth      #.....       100%        3    ####...
 Tukima's Dance           Hex            #.......     100%        3    ####...
 Fulminant Prism          Conj/Hex       #.........   100%        4    #####..
 Iskenderun's Mystic Bla  Conj/Tloc      #.......     100%        4    #####..
 Lee's Rapid Deconstruct  Erth           #.........   100%        5    ######.
 Statue Form              Tmut/Erth      #........    100%        6    #######


Dungeon Overview and Level Annotations

Branches:
Dungeon (13/15)            Temple (1/1) D:4            Lair (1/6) D:11
    Orc (0/2) D:11        Ossuary (visited)           IceCv (visited)
Gauntlet (visited)
 Vaults: D:13-14

Altars:
Ashenzari
Cheibriados
Dithmenos
Elyvilon
Fedhas
Gozag
Hepliaklqana
Kikubaaqudgha
Makhleb
Nemelex Xobeh
Okawaru
Qazlal
Ru
Sif Muna
Uskayaw
Vehumet
Wu Jian
Xom
Yredelemnul
Zin
The Shining One

Shops:
D:6 !   D:8 ?=(

Portals:
Trove: D:11 (give +5 ice dragon scales)

Annotations:
D:4 3 runed translucent doors, LostGamesStreakFreak's ghost, novice DsMo
D:6 Duvessa


Innate Abilities, Weirdness & Mutations

You reflexively headbutt those who attack you in melee.
You have a pair of horns on your head.


Message History

You are feeling hungry.
You slash the polar bear!
The polar bear is moderately wounded.
You slash the plant! You hit the bush.
Your chain mail prevents you from hitting the polar bear.
The polar bear is moderately wounded.
You hit the water moccasin. You hit the plant. You hit the bush.
The polar bear bites you!
* * * LOW HITPOINT WARNING * * *
The polar bear claws you but does no damage.
The polar bear claws you.
* * * LOW HITPOINT WARNING * * *
The water moccasin completely misses you.
You begin recalling your allies.
Your flying skull is recalled. x2; Your phantasmal warrior is recalled.
The polar bear closely misses you.
The polar bear claws you but does no damage.
The polar bear barely misses you. The water moccasin bites you.
You die...
Your body rises from the dead as a mindless zombie.

##.....###
#...##P...####
....#......♣..♣ .
..##..........♣# ..
..P.♣..........♣...
.♣................
P..P...P..W...(♣.
........SzP......
.P..P..ih@z......
....##'##P..P...
....#.. .......


.PP #.S ....... .. #(. .P...P. ### P.....♣ .. .... .P ...# You could see a polar
bear, a water moccasin, a spriggan, a friendly phantasmal warrior and 2 friendly
flying skulls.

Vanquished Creatures
  2 two-headed ogres
  A tengu warrior (D:11)
  An unseen horror (D:13)
  A deep elf mage (D:11)
  An ugly thing (D:12)
  A komodo dragon (D:12)
  A tengu conjurer (D:13)
  A hornet (D:13)
  A polar bear (IceCv)
  Prince Ribbit (D:5)
  2 hippogriffs
  2 slime creatures (D:12)
  A shadow (D:13)
  4 yaks (D:9)
  A wraith (D:10)
  A basilisk (D:11)
  An acid dragon (D:11)
  A water moccasin (D:10)
  An orc warrior (D:11)
  2 sky beasts
  3 ogres
  2 ice beasts (D:7)
  A black bear (D:9)
  2 wolves (IceCv)
  9 centaurs
  Blork the orc (D:4)
  4 bullfrogs
  A big kobold (D:9)
  3 scorpions
  Dowan (D:6)
  6 killer bees
  2 wights (D:7)
  A howler monkey (D:4)
  A crimson imp (D:5)
  5 hounds
  3 centaur zombies
  A human zombie (Ossuary)
  2 quasits
  2 bullfrog skeletons
  A jelly (D:5)
  3 orc priests
  2 orc wizards (D:12)
  2 centaur skeletons (D:10)
  Jessica (D:1)
  An iguana (D:8)
  8 worker ants
  2 big kobold zombies (Ossuary)
  2 hound skeletons (D:5)
  3 mummies
  A worker ant zombie (D:7)
  5 adders
  2 shadow imps
  3 adder zombies
  An adder skeleton (D:6)
  A worm (D:4)
  3 dart slugs
  6 leopard geckos
  20 orcs
  A ball python (D:2)
  2 giant cockroaches
  5 goblins
  5 hobgoblins
  3 jackals (D:6)
  7 kobolds
  3 quokkas
  2 bats
  4 frilled lizards
  2 goblin zombies (Ossuary)
  10 hobgoblin zombies (Ossuary)
  A jackal zombie (Ossuary)
  8 kobold zombies (Ossuary)
  8 orc zombies (Ossuary)
  A quokka skeleton (D:5)
  2 rats (D:1)
  A rat zombie (Ossuary)
  A spectral orc (D:3)
210 creatures vanquished.

Vanquished Creatures (collateral kills)
  2 hydras
  2 two-headed ogres
  A centaur warrior (D:11)
  A skeletal warrior (D:11)
  An orc knight (D:11)
  A cyclops (D:11)
  A centaur skeleton (D:11)
  A hornet (D:11)
  3 slime creatures
  4 yaks (D:9)
  A vampire mosquito (D:11)
  2 water moccasins
  A porcupine (D:11)
  An ogre (D:9)
  A black bear (D:11)
  2 bullfrogs
  A scorpion (D:11)
  2 killer bees
  3 wights (D:9)
  A howler monkey (D:9)
  A crimson imp (D:11)
  2 orc wizards (D:11)
  An adder (D:11)
  A shadow imp (D:12)
  A leopard gecko (D:7)
  2 orcs (D:11)
  A fungus (D:11)
  A plant (D:11)
42 creatures vanquished.

Vanquished Creatures (others)
  4 flying skulls
  A wraith (D:12)
  A wight (D:11)
  A mummy (Ossuary)
7 creatures vanquished.

Grand Total: 259 creatures vanquished

Notes
Turn   | Place    | Note
-------+----------+-------------------------------------------
     0 | D:1      | ipx the Minotaur Monk began the quest for the Orb.
     0 | D:1      | Reached XP level 1. HP: 19/19 MP: 0/0
    77 | D:1      | Reached skill level 4 in Axes
   172 | D:1      | Reached XP level 2. HP: 17/26 MP: 1/1
   228 | D:2      | Noticed Jessica
   234 | D:1      | Killed Jessica
   234 | D:1      | Reached skill level 5 in Axes
   234 | D:1      | Reached XP level 3. HP: 26/31 MP: 2/2
   418 | D:4      | Found a runed translucent gate.
   418 | D:4      | Found a runed translucent gate.
   418 | D:4      | Found a runed translucent gate.
   418 | D:4      | Noticed LostGamesStreakFreak's ghost (novice DsMo)
   467 | D:4      | Reached skill level 6 in Axes
   467 | D:4      | Reached XP level 4. HP: 27/39 MP: 3/3
   767 | D:3      | Found a basalt altar of Yredelemnul.
   774 | D:3      | Became a worshipper of Yredelemnul the Dark
   774 | D:3      | Reached * piety under Yredelemnul
   774 | D:3      | Reached ** piety under Yredelemnul
   945 | D:4      | Found a staircase to the Ecumenical Temple.
   948 | D:4      | Noticed Blork the orc
   972 | D:4      | Reached skill level 1 in Invocations
   972 | D:4      | Reached XP level 5. HP: 42/45 MP: 4/4
   988 | D:4      | Killed Blork the orc
   988 | D:4      | Reached skill level 7 in Axes
  1028 | Temple   | Entered the Ecumenical Temple
  1229 | D:5      | Entered Level 5 of the Dungeon
  1229 | D:5      | Noticed a centaur
  1233 | D:5      | Killed a centaur
  1233 | D:5      | Reached skill level 1 in Evocations
  1233 | D:5      | Reached XP level 6. HP: 37/52 MP: 4/7
  1418 | D:5      | Noticed Prince Ribbit
  1707 | D:5      | Killed Prince Ribbit
  1707 | D:5      | Reached skill level 5 in Fighting
  1707 | D:5      | Reached XP level 7. HP: 42/61 MP: 8/8
  1779 | D:5      | Got a pair of faintly humming boots
  1785 | D:5      | Identified the +0 pair of boots of Gif Joa {rPois rF++ rN+
                  | Int-4} (You found it on level 5 of the Dungeon)
  1914 | D:6      | Found a sand-covered staircase.
  1923 | Ossuary  | Entered an ossuary
  1989 | Ossuary  | Reached *** piety under Yredelemnul
  2016 | Ossuary  | Received a gift from Yredelemnul (a mummy)
  2060 | Ossuary  | Reached XP level 8. HP: 57/70 MP: 10/10
  2190 | D:6      | Noticed Dowan
  2192 | D:6      | Noticed Duvessa
  2197 | D:6      | Killed Dowan
  2197 | D:6      | Reached skill level 8 in Axes
  2268 | D:6      | Found Goacs's Distillery.
  2273 | D:6      | Bought a potion of haste for 150 gold pieces
  2273 | D:6      | Bought 2 potions of degeneration for 30 gold pieces
  2305 | D:6      | Found a basalt altar of Yredelemnul.
  2469 | D:7      | Received a gift from Yredelemnul (5 flying skulls)
  2471 | D:7      | Found a glowing silver altar of Zin.
  2501 | D:7      | Reached skill level 5 in Evocations
  2509 | D:7      | Reached skill level 9 in Axes
  2738 | D:8      | Noticed a two-headed ogre
  2742 | D:8      | Noticed a hippogriff
  2745 | D:8      | Killed a two-headed ogre
  2745 | D:8      | Reached skill level 10 in Axes
  2745 | D:8      | Reached XP level 9. HP: 59/83 MP: 11/11
  2764 | D:8      | Found Taaduut's Antique Weapon Boutique.
  2851 | D:8      | Found Rimot's Magic Scroll Shop.
  2859 | D:8      | Bought a scroll of teleportation for 39 gold pieces
  2859 | D:8      | Bought a scroll of identify for 26 gold pieces
  2865 | D:8      | Found Uneimyuq's Jewellery Boutique.
  2895 | D:8      | Received a gift from Yredelemnul (a wraith)
  2949 | D:9      | Noticed a two-headed ogre
  2960 | D:9      | Reached skill level 10 in Fighting
  2960 | D:9      | Reached skill level 11 in Axes
  2965 | D:9      | Killed a two-headed ogre
  2967 | D:9      | Reached **** piety under Yredelemnul
  2998 | D:9      | Reached XP level 10. HP: 28/94 MP: 12/12
  3177 | D:9      | Received a gift from Yredelemnul (a wight)
  3258 | D:9      | Reached skill level 12 in Axes
  3297 | D:9      | Noticed a two-headed ogre
  3304 | D:9      | Killed a two-headed ogre
  3304 | D:9      | Reached skill level 5 in Invocations
  3312 | D:9      | Found a blossoming altar of Fedhas.
  3455 | D:10     | Entered Level 10 of the Dungeon
  3458 | D:10     | Received a gift from Yredelemnul (a vampire)
  3488 | D:10     | Reached skill level 1 in Armour
  3567 | D:10     | Identified Xoddi's Guide on Dusty Execration
  3735 | D:9      | Found a hazy altar of Hepliaklqana.
  3775 | D:10     | Received a gift from Yredelemnul (a vampire)
  3841 | D:11     | Found a portal to a secret trove of treasure.
  3876 | D:11     | Noticed a two-headed ogre
  3876 | D:11     | Noticed a cyclops
  3881 | D:11     | Killed a two-headed ogre
  3881 | D:11     | Reached skill level 13 in Axes
  3882 | D:11     | Killed a cyclops
  3907 | D:11     | Found a frozen archway.
  3916 | IceCv    | Entered an ice cave
  3927 | IceCv    | Reached ***** piety under Yredelemnul
  3935 | IceCv    | Reached XP level 11. HP: 55/102 MP: 7/14
  3985 | D:11     | Found a staircase to the Orcish Mines.
  4017 | D:11     | Noticed a tengu warrior
  4017 | D:11     | Noticed a centaur warrior
  4017 | D:11     | Noticed a skeletal warrior
  4029 | D:11     | Killed a tengu warrior
  4029 | D:11     | Reached skill level 5 in Armour
  4035 | D:11     | Noticed a deep elf mage
  4038 | D:11     | Noticed an eight-headed hydra
  4041 | D:11     | Killed a deep elf mage
  4043 | D:11     | Received a gift from Yredelemnul (a phantasmal warrior)
  4045 | D:11     | Killed a centaur warrior
  4046 | D:11     | HP: 3/153 [eight-headed hydra (9)]
  4047 | D:11     | Killed an eight-headed hydra
  4057 | D:11     | HP: 5/153 [skeletal warrior/+0 trident (16)]
  4059 | D:11     | Killed a skeletal warrior
  4067 | D:11     | Killed an orc knight
  4100 | D:11     | Received a gift from Yredelemnul (a vampire)
  4114 | D:11     | Found a gate leading to a gauntlet.
  4124 | Gauntlet | Entered a Gauntlet
  4124 | Gauntlet | Found a transporter.
  4124 | Gauntlet | Found a transporter.
  4124 | Gauntlet | Found a transporter.
  4133 | Gauntlet | Noticed a soul eater
  4137 | Gauntlet | Found a transporter.
  4139 | Gauntlet | Found a transporter.
  4145 | Gauntlet | Found a transporter.
  4148 | Gauntlet | Found a transporter.
  4152 | Gauntlet | Noticed a shining eye
  4156 | Gauntlet | Found a transporter.
  4171 | Gauntlet | Noticed a death scarab
  4174 | Gauntlet | Found a transporter.
  4176 | Gauntlet | Noticed a death scarab
  4191 | Gauntlet | Found a transporter.
  4197 | Gauntlet | Noticed a wizard
  4206 | Gauntlet | Found a transporter.
  4252 | Gauntlet | Found a transporter.
  4361 | D:12     | Noticed a cyan ugly thing
  4376 | D:12     | Killed a cyan ugly thing
  4455 | D:13     | Noticed an unseen horror
  4465 | D:13     | Killed an unseen horror
  4530 | D:13     | Reached skill level 14 in Axes
  4702 | D:12     | Noticed a seven-headed hydra
  4710 | D:12     | Killed a seven-headed hydra
  4762 | D:11     | Found a staircase to the Lair.
  4774 | D:11     | Received a gift from Yredelemnul (4 flying skulls)
  4785 | Lair:1   | Entered Level 1 of the Lair of Beasts
  4832 | Lair:1   | HP: 5/102 [polar bear (3)]
  4833 | Lair:1   | Slain by a water moccasin

Levels and vault maps discovered:
D:1:      dpeg_arrival_lava_altar, layout_basic
D:2:      minmay_kobold_bridge, layout_basic, uniq_jessica
D:3:      layout_loops_cross, yredelemnul_forgotten_temple_becter
D:4:      layout_basic, bloody_trog, minmay_temple_entry_junction, first_ration,
          gammafunk_ghost_necromancy, uniq_blork_the_orc
D:5:      layout_rooms, uniq_prince_ribbit1
D:6:      layout_basic, basic_altar, serial_shops, nicolae_shop_waterfront,
          gup_ossuary_entry_pyramid, nicolae_dithmenos_shadow_blocks,
          uniq_duvessa
D:7:      layout_rooms, marbit_many_paths
D:8:      layout_basic, serial_shops, shop, nicolae_shop_trees, shop, shop, shop
D:9:      layout_cross, fedhas_altar_fruit_tree, basic_altar
D:10:     layout_grid_maze
D:11:     layout_gridville, grunt_lair_entry_orc_guard_hut, orc_0_dummy,
          gauntlet_entry_generic, portal_ice_cave_entry_pillars_2,
          nicolae_trove_entry_columns, grunt_ogre_cave, minivault_28,
          uniq_josephine
D:12:     layout_basic
D:13:     layout_long_grid, erik_vaults_1, kennysheep_generic_room_3
Temple:   hc_temple_tempest_star
Lair:1:   layout_cave_pods, grunt_forest_large_clearing_hut

Skill      XL: |  1  2  3  4  5  6  7  8  9 10 11 |
---------------+----------------------------------+-----
Axes           | 4 5 6 7 10 11 13 14 | 14.3
Invocations    | 1 2 3 4 6 8 |  8.6
Evocations     | 1 2 3 5 |  5.0
Fighting       | 5 6 9 10 11 | 11.0
Armour         | 4 7 |  7.9
Dodging        | |  3.2
Stealth        | |  1.5

Action                   |  1- 3 |  4- 6 |  7- 9 | 10-12 || total
-------------------------+-------+-------+-------+-------++-------
Melee: Hand axe          |    48 |    39 |       |       ||    87
       Headbutt          |    13 |    17 |    52 |    49 ||   131
       War axe           |       |    52 |   229 |   253 ||   534
Throw: Boomerang         |     6 |    17 |     6 |    21 ||    50
Invok: Animate Remains   |       |     1 |       |       ||     1
       Recall Undead Sla |       |       |     4 |    16 ||    20
       Stop Recall       |       |       |     1 |     1 ||     2
       Drain Life        |       |       |       |     6 ||     6
       Animate Dead      |       |       |       |     2 ||     2
Evoke: Wand              |       |     2 |     7 |     1 ||    10
       Box of beasts     |       |       |     1 |       ||     1
  Use: Potion            |       |     3 |     1 |     1 ||     5
       Scroll            |       |     1 |     6 |     3 ||    10
 Stab: Sleeping          |     1 |       |       |       ||     1
       Distracted        |       |       |     1 |     2 ||     3
  Eat: Chunk             |       |     3 |     6 |     8 ||    17
Armor: Chain mail        |    15 |    44 |   111 |   151 ||   321
       Skin              |       |     7 |       |     5 ||    12
Dodge: Dodged            |    16 |    40 |    94 |   102 ||   252

Table legend:
 A = Non-vault XP
 B = Vault XP
 C = Vault XP percentage of total XP
 D = Non-vault monster count
 E = Vault monster count
 F = Vault count percentage of total count
                 A         B        C        D         E       F
            +---------+---------+-------+---------+---------+-------
      Total |   14715 |    5672 |  27.8 |     185 |      65 |  26.0
            +---------+---------+-------+---------+---------+-------
        D:1 |      15 |      37 |  71.2 |       9 |       1 |  10.0
        D:2 |      18 |       0 |   0.0 |       7 |       0 |   0.0
        D:3 |      47 |       1 |   2.1 |      14 |       1 |   6.7
        D:4 |     241 |      94 |  28.1 |      13 |       1 |   7.1
        D:5 |     381 |     283 |  42.6 |      14 |       1 |   6.7
        D:6 |     226 |      78 |  25.7 |       7 |       2 |  22.2
        D:7 |    1069 |      16 |   1.5 |      21 |       1 |   4.5
        D:8 |    1335 |       0 |   0.0 |      10 |       0 |   0.0
        D:9 |    3814 |       0 |   0.0 |      42 |       0 |   0.0
       D:10 |    1340 |       0 |   0.0 |      15 |       0 |   0.0
       D:11 |    1532 |    4388 |  74.1 |      12 |      16 |  57.1
       D:12 |    3152 |       0 |   0.0 |      17 |       0 |   0.0
       D:13 |    1545 |       0 |   0.0 |       4 |       0 |   0.0
    Ossuary |       0 |     261 | 100.0 |       0 |      39 | 100.0
      IceCv |       0 |     514 | 100.0 |       0 |       3 | 100.0
            +---------+---------+-------+---------+---------+-------
